 Dungeon Crawl Stone Soup version 0.28-a0-793-g31680bbd8b (webtiles) character file.

Game seed: 12554821801970575253

1099 GenialerGandalf the Covered (level 8, -2/68 HPs)
             Began as a Hill Orc Fighter on Nov 4, 2021.
             Was an Initiate of Beogh.
             Killed by divine providence
             ... invoked by an orc priest
              (17 damage)
             ... on level 8 of the Dungeon.
             The game lasted 00:26:24 (8442 turns).

GenialerGandalf the Covered (Hill Orc Fighter)      Turns: 8442, Time: 00:26:24

Health: -2/68      AC: 10    Str: 21    XL:     8   Next: 32%
Magic:  11/11      EV:  8    Int:  8    God:    Beogh [......]
Gold:   206        SH:  4    Dex: 10    Spells: 12/12 levels left

rFire   . . .      SeeInvis .   j - +4 short sword
rCold   . . .      Faith    .   c - +0 buckler
rNeg    . . .      Spirit   .   e - +0 chain mail
rPois   .          Reflect  .   (no helmet)
rElec   .          Harm     .   (no cloak)
rCorr   .          Rampage  .   (no gloves)
Will    +....                   (no boots)
Stlth   ..........              k - amulet of magic regeneration
HPRegen 0.21/turn               p - ring of flight
MPRegen 0.37/turn               D - ring of willpower

@: flying
A: no striking features
a: Renounce Religion


You were on level 8 of the Dungeon.
You worshipped Beogh.
Beogh was noncommittal.
You visited 2 branches of the dungeon, and saw 9 of its levels.

You collected 206 gold pieces.

Inventory:

Hand Weapons
 a - a +0 rapier
 j - a +4 short sword (weapon)
Armour
 b - a +0 scale mail
 c - a +0 buckler (worn)
 e - a +0 chain mail (worn)
Magical Staves
 s - a staff of air
 A - a staff of fire
Jewellery
 k - an amulet of magic regeneration (around neck)
 n - an amulet of guardian spirit
 p - a ring of flight (left hand)
 D - a ring of willpower (right hand)
Wands
 l - a wand of digging (3)
 y - a wand of acid (11)
Scrolls
 h - 2 scrolls of identify {unknown}
 i - a scroll of immolation {unknown}
 m - a scroll of noise {unknown}
 q - a scroll of enchant armour {unknown}
 t - a scroll of brand weapon {unknown}
 u - a scroll of fear {unknown}
 w - 2 scrolls of teleportation
 x - a scroll of enchant weapon {unknown}
 z - a scroll of magic mapping {unknown}
 B - a scroll of fog {unknown}
 C - a scroll of torment {unknown}
Potions
 d - a potion of might
 f - a potion of mutation {unknown}
 g - a potion of berserk rage {unknown}
 o - a potion of heal wounds {unknown}
 r - a potion of ambrosia {unknown}
 v - 2 potions of curing
 E - a potion of cancellation {unknown}


   Skills:
 + Level 5.0 Fighting
 + Level 5.1 Short Blades
 + Level 5.8 Armour
 * Level 3.2 Dodging
 + Level 4.3 Shields
 * Level 2.6 Spellcasting


You had 12 spell levels left.
You didn't know any spells.
Your spell library contained the following spells:

 Spells                   Type           Power      Damage    Failure   Level
 Sandblast                Erth           2%         2d4       95%         1
 Passwall                 Tmut/Erth      0%         N/A       99%         2
 Conjure Flame            Conj/Fire      1%         6-21      100%        3
 Gell's Gravitas          Tloc           1%         N/A       100%        3
 Ignite Poison            Fire/Tmut/Pois 1%         N/A       100%        3
 Lesser Beckoning         Tloc           1%         N/A       100%        3
 Stone Arrow              Conj/Erth      2%         3d7       100%        3
 Teleport Other           Tloc           1%         N/A       100%        3
 Sticky Flame             Conj/Fire      1%         2d3       100%        4


Dungeon Overview and Level Annotations

Branches:
Dungeon (8/15)             Temple (1/1) D:4            Lair (0/6) D:8

Altars:
Ashenzari
Cheibriados
Dithmenos
Elyvilon
Fedhas
Gozag
Kikubaaqudgha
Ru
Sif Muna
Trog
Uskayaw
Vehumet
Wu Jian
Yredelemnul
The Shining One

Annotations:
D:5 Dowan, Duvessa


Message History

You hit the orc warrior.
The orc warrior is moderately wounded.
The orc warrior hits you with a +0 flail!
You hit the orc warrior but do no damage.
The orc warrior is moderately wounded.
The orc warrior hits you with a +0 flail.
You hit the orc warrior.
The orc warrior is moderately wounded.
The orc warrior closely misses you.
You hit the orc warrior but do no damage.
The orc warrior is moderately wounded.
You hit the orc warrior but do no damage.
The orc warrior is moderately wounded.
You block the orc warrior's attack.
You puncture the orc warrior!
The orc warrior is severely wounded.
The orc priest looks satisfied for a moment.
The orc warrior hits you with a +0 flail.
* * * LOW HITPOINT WARNING * * *
You barely miss the orc warrior.
The orc warrior is severely wounded.
The orc warrior closely misses you.
You hit the orc warrior but do no damage.
The orc warrior is severely wounded.
The orc warrior barely misses you.
You barely miss the orc warrior.
The orc warrior is severely wounded.
The orc warrior closely misses you.
You closely miss the orc warrior.
The orc warrior is severely wounded.
The orc warrior hits you with a +0 flail!
* * * LOW HITPOINT WARNING * * *
The orc priest calls upon Beogh to heal the orc warrior.
The orc warrior is healed somewhat.
There is a stone staircase leading up here.
You can't go down here!
The orc priest invokes the aid of Beogh against you.
Beogh smites you!
You die...
Beogh appreciates the orc priest's killing of a heretic priest.

#. #...##.# ##
###.##...##.# ..
............#
.#####........#
### .# #.......##
... .####..o.###
..# ##.# #...>#
#.##.###.>###.#.##
#.....#....@o.#.#
#.#####.##.# #.#
#.##.## #.#
#.....#
#####.########..#
#...............#
#.###.#######...#
#.. .....# ####
###.#.#


You could see an orc warrior and an orc priest.

Vanquished Creatures
  An ice beast (D:5)
  2 ogres (D:5)
  A phantom (D:6)
  3 bullfrogs
  A scorpion (D:5)
  A water moccasin skeleton (D:4)
  A howler monkey (D:4)
  A jelly (D:7)
  A gnoll shaman (D:6)
  2 orc priests (D:7)
  A bullfrog skeleton (D:5)
  A centaur skeleton (D:7)
  Ijyb (D:2)
  3 iguanas
  A hound skeleton (D:5)
  3 gnolls (D:6)
  4 adders
  A shadow imp (D:6)
  A white imp (D:6)
  A dart slug (D:2)
  8 orcs
  A ball python (D:5)
  7 bats
  7 endoplasms (D:1)
  2 giant cockroaches
  4 hobgoblins
  2 quokkas (D:1)
  3 frilled lizards
  7 goblins
  6 kobolds
  2 rats
  9 bushes (Temple)
89 creatures vanquished.

Vanquished Creatures (others)
  An orc (D:6)
  62 plants
63 creatures vanquished.

Grand Total: 152 creatures vanquished

Notes
Turn   | Place    | Note
-------+----------+-------------------------------------------
     0 | D:1      | GenialerGandalf the Hill Orc Fighter began the quest for
                  | the Orb.
     0 | D:1      | Reached XP level 1. HP: 19/19 MP: 1/1
   520 | D:1      | Reached XP level 2. HP: 25/27 MP: 2/2
   666 | D:1      | Found a faded altar of an unknown god.
   668 | D:1      | Noticed a great orb of eyes
   668 | D:1      | Noticed a floating eye
   669 | D:1      | Noticed a floating eye
   669 | D:1      | Noticed a shining eye
  1319 | D:2      | Reached XP level 3. HP: 33/33 MP: 3/3
  1510 | D:2      | Noticed Ijyb
  1552 | D:2      | Killed Ijyb
  1553 | D:2      | Reached skill level 1 in Dodging
  1556 | D:2      | Reached XP level 4. HP: 19/40 MP: 5/5
  2409 | D:3      | Noticed an ogre
  2473 | D:3      | Found an ancient bone altar of Kikubaaqudgha.
  2956 | D:4      | Reached skill level 1 in Spellcasting
  2965 | D:4      | Reached XP level 5. HP: 32/46 MP: 6/6
  3099 | D:4      | You are sucked into a shaft and drop 1 floor!
  3099 | D:5      | Entered Level 5 of the Dungeon
  3402 | D:5      | Reached XP level 6. HP: 49/52 MP: 8/8
  3477 | D:4      | Found a shadowy altar of Dithmenos.
  3678 | D:4      | Found a blossoming altar of Fedhas.
  3915 | D:4      | Found a staircase to the Ecumenical Temple.
  3935 | Temple   | Entered the Ecumenical Temple
  5110 | D:4      | Found a snail-covered altar of Cheibriados.
  5204 | D:4      | Noticed a necrophage
  5294 | D:5      | Noticed an ice beast
  5391 | D:5      | Killed an ice beast
  5392 | D:5      | Reached XP level 7. HP: 46/60 MP: 9/9
  5526 | D:5      | Reached skill level 5 in Armour
  5687 | D:5      | Noticed Dowan
  5688 | D:5      | Noticed Duvessa
  6850 | D:6      | Became a worshipper of Beogh the Brigand
  7365 | D:7      | Reached XP level 8. HP: 60/67 MP: 11/11
  7635 | D:7      | Reached skill level 5 in Short Blades
  7788 | D:7      | Found a white marble altar of Elyvilon.
  8300 | D:7      | Reached skill level 5 in Fighting
  8353 | D:8      | Found a staircase to the Lair.
  8442 | D:8      | Killed from afar by an orc priest

Illustrated notes

Levels and vault maps discovered:
D:1:      dpeg_arrival_connections, layout_basic,
          hellmonk_ecumenical_altar_watching_god, hangedman_feature_mirror
D:2:      kennysheep_the_goblin_king, layout_basic
D:3:      layout_rooms, nicolae_kikubaaqudgha_miasma_corner
D:4:      layout_loops_cross, nicolae_dithmenos_shadow_blocks,
          marbit_many_paths, fedhas_altar_1, minmay_temple_entry_junction,
          st_stairs_8, hangedman_abyss_or_decor_passed
D:5:      layout_basic, kennysheep_okawaru_gauntlet, uniq_ijyb,
          uniq_crazy_yiuf_cottage, uniq_duvessa
D:6:      minmay_klotski, layout_basic, serial_bayou_pond_c
D:7:      layout_rooms, nicolae_elyvilon_temple_path
D:8:      layout_loops_ring, nemelex_diamond_rough_becter,
          nicolae_hepliaklqana_monster_ancestors,
          mainiacjoe_overflow_surrounded_room, lair_entry_dummy, uniq_pikel,
          uniq_prince_ribbit1, uniq_gastronok
Temple:   cyrus_temple_forest

Skill      XL: |  1  2  3  4  5  6  7  8 |
---------------+-------------------------+-----
Dodging        | 1 2 3 |  3.2
Armour         | 4 5 |  5.8
Fighting       | 4 5 |  5.0
Spellcasting   | 1 2 |  2.6
Short Blades   | 3 4 5 |  5.1
Shields        | 4 |  4.3

Action                   |  1- 3 |  4- 6 |  7- 9 || total
-------------------------+-------+-------+-------++-------
Melee: Rapier            |    49 |       |       ||    49
       Short sword       |    36 |   954 |   384 ||  1374
Invok: Convert to Beogh  |       |       |     1 ||     1
  Use: Scroll            |       |       |     1 ||     1
       Potion            |       |       |     1 ||     1
Armor: Chain mail        |    34 |    63 |    40 ||   137
       Scale mail        |     2 |       |       ||     2
Dodge: Dodged            |    33 |    56 |    47 ||   136
Block: Buckler           |    19 |    35 |    43 ||    97

Table legend: (Time is in decaauts)
 A = Elapsed time spent in this place.
 B = Non-inter-level travel time spent in this place.
 C = Inter-level travel time spent in this place.
 D = Time resting spent in this place.
 E = Time spent auto-exploring this place.
 F = Levels seen in this place.
 G = Mean time per level.
                   A        B        C        D        E       F      G
               +--------+--------+--------+--------+--------+-----+--------+
         Total |   8335 |   8000 |    335 |   1394 |   1157 |   9 |  926.1 |
       Dungeon |   7292 |   6957 |    335 |   1394 |   1157 |   8 |  911.5 |
        Temple |   1043 |   1043 |      0 |      0 |      0 |   1 | 1043.0 |
               +--------+--------+--------+--------+--------+-----+--------+

Top non-repeatable levels by time:
     D:6: 1447 daAuts
     D:1: 1309 daAuts
     D:2: 1264 daAuts
  Temple: 1043 daAuts
     D:5: 1014 daAuts
     D:7: 975 daAuts
     D:4: 812 daAuts
     D:3: 383 daAuts
     D:8: 85 daAuts
